 Dungeon Crawl Stone Soup version 0.31-a0-237-g2d982f9f85 (webtiles) character file.

Game seed: 11004143226521481176

709429 Cosmo the Sorcerer (level 27, -7/201 HPs)
             Began as a Gnoll Artificer on July 10, 2023.
             Was the Champion of the Shining One.
             Mangled by an Orb Guardian (14 damage)
             ... on level 5 of the Realm of Zot on July 11, 2023.
             The game lasted 07:50:54 (96905 turns).

Cosmo the Sorcerer (Gnoll Artificer)               Turns: 96905, Time: 07:50:55

Health: -7/201     AC: 33    Str: 20      XL:     27
Magic:  45/45      EV: 20    Int: 18 (19) God:    the Shining One [******]
Gold:   9484       SH: 22    Dex: 14      Spells: 58/74 levels left

rFire   + + +        a - +10 broad axe "Lusalof" {spect, rF+ Str+2}
rCold   + . .        P - +2 kite shield
rNeg    + + +        n - quicksilver dragon scales
rPois   +            i - +3 helmet "Put-Me-On" {rPois rF+}
rElec   +            v - +4 cloak "Cilliugh" {+Inv}
rCorr   +            N - +3 pair of gloves of Soupn {+Blink rPois Will+}
SInv    +            J - +2 pair of boots
Will    +++++        y - amulet "Webedef" {Reflect Regen+ SH+5}
Stlth   +++          j - ring "Kuriwoolluf" {rElec rC+ rCorr Str+5}
HPRegen 1.33/turn    d - ring "Plog" {rN+ Will+ Int+3 SInv}
MPRegen 0.29/turn

%: reflection
@: silenced, marked, corroded, glowing, studying Spellcasting, unable to read,
unable to drink
A: fangs 1, strong nose, distributed training, talons 1, clumsy 2, deterioration
2, dopey 1, fire resistance 1, frail 1, low MP 1, mutation resistance 1,
screaming 1, teleportitis 1, inability to drink after injury 1, inability to
read after injury 1
}: 5/15 runes: barnacled, slimy, silver, abyssal, gossamer
a: Renounce Religion, Evoke Blink, Evoke Invisibility


You were on level 5 of the Realm of Zot.
You worshipped the Shining One.
The Shining One was exalted by your worship.
You visited 12 branches of the dungeon, and saw 56 of its levels.
You visited the Abyss 3 times.
You visited 1 bazaar.
You also visited: Trove, Bailey and Wizlab.

You collected 10507 gold pieces.
You spent 1023 gold pieces at shops.

Inventory:

Hand Weapons
 a - the +10 broad axe "Lusalof" (weapon) {spect, rF+ Str+2}
   (You took it off an ironbound convoker on level 2 of the Vaults)

   Str:       It affects your strength (+2).
   rF:        It protects you from fire.
 b - a +9 eudemon blade of holy wrath
Missiles
 k - 8 curare-tipped darts
 w - 9 silver javelins
 V - 20 javelins
 W - 2 throwing nets
Armour
 i - the +3 helmet "Put-Me-On" (worn) {rPois rF+}
   (You found it in a treasure trove)

   rF:        It protects you from fire.
   rPois:     It protects you from poison.
 l - the +8 plate armour "Hetu" {Rampage rElec MP-9 Stlth-}
   (You found it on level 10 of the Dungeon)

   rElec:     It insulates you from electricity.
   MP:        It affects your magic capacity (-9).
   Rampage:   It bestows one free step when moving towards enemies.
   Stlth:     It makes you less stealthy.
 n - quicksilver dragon scales (worn)
 v - the +4 cloak "Cilliugh" (worn) {+Inv}
   (You found it on level 2 of the Depths)

   +Inv:      It lets you turn invisible.
 G - the +8 tower shield of the Sturgeon {Contam rF+ rCorr Str+2}
   (Okawaru gifted it to you on level 1 of the Vaults)

   Str:       It affects your strength (+2).
   rF:        It protects you from fire.
   Contam:    It causes magical contamination when unequipped.
   rCorr:     It protects you from acid and corrosion.
 J - a +2 pair of boots (worn)
 N - the +3 pair of gloves of Soupn (worn) {+Blink rPois Will+}
   (Okawaru gifted it to you on level 14 of the Dungeon)

   rPois:     It protects you from poison.
   +Blink:    It lets you blink.
   Will:      It increases your willpower.
 P - a +2 kite shield (worn)
Jewellery
 d - the ring "Plog" (right hand) {rN+ Will+ Int+3 SInv}
   (You took it off a deep elf knight on level 3 of the Elven Halls)

   [ring of see invisible]

   Int:       It affects your intelligence (+3).
   rN:        It protects you from negative energy.
   SInv:      It lets you see invisible.
   Will:      It increases your willpower.
 e - the ring "Goffeys" {rPois rC++ Dex+6}
   (You took it off an orc wizard on level 10 of the Dungeon)

   [ring of dexterity]

   Dex:       It affects your dexterity (+6).
   rC:        It greatly protects you from cold.
   rPois:     It protects you from poison.
 j - the ring "Kuriwoolluf" (left hand) {rElec rC+ rCorr Str+5}
   (You took it off a deep elf pyromancer on level 3 of the Elven Halls)

   [ring of resist corrosion]

   Str:       It affects your strength (+5).
   rC:        It protects you from cold.
   rElec:     It insulates you from electricity.
   rCorr:     It protects you from acid and corrosion.
 y - the amulet "Webedef" (around neck) {Reflect Regen+ SH+5}
   (You bought it in a shop on level 11 of the Dungeon)

   [amulet of reflection]

   It reflects blocked missile attacks.
   Regen:     It increases your rate of health regeneration.
   SH:        It affects your SH (+5).
 D - the ring of Xom's Fair Game {rElec rN+ Will+ Stlth-}
   (You took it off a deep elf annihilator on level 3 of the Elven Halls)

   [ring of positive energy]

   rElec:     It insulates you from electricity.
   rN:        It protects you from negative energy.
   Will:      It increases your willpower.
   Stlth:     It makes you less stealthy.
Wands
 c - a wand of mindburst (39)
 m - a wand of light (21)
 B - a wand of charming (7)
 E - a wand of roots (39)
 R - a wand of digging (20)
Scrolls
 s - 2 scrolls of butterflies
 t - 4 scrolls of brand weapon
 u - 6 scrolls of enchant armour
 x - 3 scrolls of immolation
 A - 9 scrolls of noise
 C - 8 scrolls of vulnerability
 F - 2 scrolls of revelation
 K - 23 scrolls of teleportation
 L - 8 scrolls of poison
 Q - 10 scrolls of fear
 S - 7 scrolls of fog
 T - 3 scrolls of blinking
 U - 2 scrolls of silence
 X - 3 scrolls of torment
Potions
 g - 11 potions of curing
 h - 12 potions of brilliance
 o - 7 potions of ambrosia
 p - 8 potions of haste
 r - a potion of mutation
 z - 13 potions of might
 H - 2 potions of berserk rage
 I - 6 potions of cancellation
 M - 6 potions of invisibility
 O - 5 potions of resistance
 Y - 4 potions of magic
Miscellaneous
 f - a condenser vane
 q - a tin of tremorstones (2/2)
 Z - a lightning rod (4/4)


   Skills:
 + Level 20.2 Fighting
 + Level 20.1 Short Blades
 + Level 20.1 Long Blades
 + Level 20.1 Axes
 + Level 20.1 Maces & Flails
 + Level 20.1 Polearms
 + Level 20.1 Staves
 + Level 20.1 Ranged Weapons
 + Level 20.1 Throwing
 + Level 20.5 Armour
 + Level 20.2 Dodging
 + Level 20.2 Stealth
 + Level 20.1 Shields
 + Level 20.1 Unarmed Combat
 + Level 24.0 Spellcasting
 + Level 17.2 Conjurations
 + Level 17.2 Hexes
 + Level 17.2 Summonings
 + Level 17.2 Necromancy
 + Level 17.2 Translocations
 + Level 17.2 Transmutations
 + Level 17.2 Fire Magic
 + Level 17.2 Ice Magic
 + Level 17.2 Air Magic
 + Level 17.2 Earth Magic
 + Level 17.2 Poison Magic
 + Level 21.7 Invocations
 + Level 20.9 Evocations


You had 58 spell levels left.
You knew the following spells:

 Your Spells              Type           Power      Damage    Failure   Level
a - Poisonous Vapours     Pois/Air       100%       N/A       0%          2
b - Silence               Hex/Air        35%        N/A       1%          5
c - Iskenderun's Mystic   Conj/Tloc      70%        2d14      1%          4
d - Lee's Rapid Deconstr  Erth           35%        3d18*     1%          5

Your spell library contained the following spells:

 Spells                   Type           Power      Damage    Failure   Level
 Beastly Appendage        Tmut           100%       N/A       0%          1
 Freeze                   Ice            100%       1d10      0%          1
 Kiss of Death            Conj/Necr      100%       2d13      0%          1
 Magic Dart               Conj           100%       1d8       0%          1
 Sandblast                Erth           100%       2d20      0%          1
 Shock                    Conj/Air       100%       1d9       0%          1
 Slow                     Hex            100%       N/A       0%          1
 Cigotuvi's Dreadful Rot  Necr/Pois/Air  100%       N/A       0%          2
 Lesser Beckoning         Tloc           100%       N/A       0%          2
 Passwall                 Tmut/Erth      58%        N/A       0%          2
 Searing Ray              Conj           100%       2d8       0%          2
 Static Discharge         Conj/Air       100%       2-7/arc   0%          2
 Sublimation of Blood     Necr           70%        N/A       0%          2
 Wereblood                Tmut           70%        N/A       0%          2
 Call Canine Familiar     Summ           70%        N/A       0%          3
 Confusing Touch          Hex            70%        N/A       0%          3
 Dazzling Flash           Conj/Hex       100%       N/A       0%          3
 Frozen Ramparts          Ice            100%       1d16      0%          3
 Gell's Gravitas          Tloc           70%        N/A       0%          3
 Hailstorm                Conj/Ice       70%        3d15      0%          3
 Ignite Poison            Fire/Tmut/Pois 70%        N/A       0%          3
 Mephitic Cloud           Conj/Pois/Air  70%        N/A       0%          3
 Ozocubu's Armour         Ice            70%        N/A       0%          3
 Portal Projectile        Hex/Tloc       100%       N/A       0%          3
 Spider Form              Tmut/Pois      70%        N/A       0%          3
 Stone Arrow              Conj/Erth      100%       3d13      0%          3
 Summon Guardian Golem    Hex/Summ       70%        N/A       0%          3
 Swiftness                Air            70%        N/A       0%          3
 Teleport Other           Tloc           70%        N/A       0%          3
 Tukima's Dance           Hex            70%        N/A       0%          3
 Vampiric Draining        Necr           70%        2d11      0%          3
 Volatile Blastmotes      Fire/Tloc      100%       2d18      0%          3
 Airstrike                Air            35%        2d(5-21)  1%          4
 Anguish                  Hex/Necr       35%        N/A       1%          4
 Animate Armour           Summ/Erth      100%       N/A       1%          4
 Animate Dead             Necr           70%        N/A       1%          4
 Cause Fear               Hex            35%        N/A       1%          4
 Dispel Undead            Necr           70%        3d24      1%          4
 Fulminant Prism          Conj/Hex       35%        3d17      1%          4
 Ice Form                 Ice/Tmut       70%        N/A       1%          4
 Leda's Liquefaction      Hex/Erth       35%        N/A       1%          4
 Passage of Golubria      Tloc           70%        N/A       1%          4
 Petrify                  Tmut/Erth      70%        N/A       1%          4
 Sticky Flame             Conj/Fire      70%        2d8       1%          4
 Summon Ice Beast         Ice/Summ       70%        N/A       1%          4
 Summon Lightning Spire   Summ/Air       70%        N/A       1%          4
 Agony                    Necr           70%        N/A       1%          5
 Blade Hands              Tmut           35%        N/A       1%          5
 Borgnjor's Vile Clutch   Necr/Erth      35%        N/A       1%          5
 Fireball                 Conj/Fire      35%        3d15      1%          5
 Freezing Cloud           Conj/Ice/Air   35%        6-21      1%          5
 Irradiate                Conj/Tmut      35%        3d23      1%          5
 Yara's Violent Unravell  Hex/Tmut       35%        3d14      1%          5
 Conjure Ball Lightning   Conj/Air       35%        3x3d11    1%          6
 Death Channel            Necr           35%        N/A       1%          6
 Simulacrum               Ice/Necr       35%        N/A       1%          6
 Starburst                Conj/Fire      35%        6d10      1%          6
 Dragon Form              Tmut           35%        N/A       2%          7
 Enfeeble                 Hex            35%        N/A       2%          7
 Orb of Destruction       Conj           35%        9d10      2%          7
 Ozocubu's Refrigeration  Ice            35%        4d15      2%          7
 Spellforged Servitor     Conj/Summ      35%        N/A       2%          7
 Storm Form               Tmut/Air       35%        N/A       2%          7
 Discord                  Hex            35%        N/A       19%         8
 Disjunction              Tloc           35%        N/A       19%         8
 Ignition                 Fire           35%        3d11      19%         8
 Lehudib's Crystal Spear  Conj/Erth      35%        10d9      19%         8
 Maxwell's Capacitive Co  Air            35%        ∞         19%         8
 Chain Lightning          Conj/Air       35%        3d46      96%         9
 Fire Storm               Conj/Fire      35%        8d9       96%         9
 Polar Vortex             Ice            35%        12d4*     96%         9
 Shatter                  Erth           35%        3d28*     96%         9


Dungeon Overview and Level Annotations

Branches:
Dungeon (15/15)            Temple (1/1) D:6            Lair (5/5) D:8
 Shoals (4/4) Lair:3       Spider (4/4) Lair:2        Slime (5/5) Lair:5
    Orc (2/2) D:10            Elf (3/3) Orc:2        Vaults (5/5) D:14
  Crypt (3/3) Vaults:2       Tomb (0/3) Crypt:3      Depths (4/4) D:15
    Zot (5/5) Depths:4     Bailey (visited)          WizLab (visited)

Altars:
Ashenzari
Cheibriados
Dithmenos
Elyvilon
Fedhas
Gozag
Hepliaklqana
Kikubaaqudgha
Makhleb
Nemelex Xobeh
Okawaru
Qazlal
Ru
Sif Muna
Trog
Uskayaw
Vehumet
Wu Jian
Xom
Yredelemnul
Zin
The Shining One
Jiyva

Shops:
D:2 !   D:7 [   D:11 =   Orc:1 !=   Orc:2 [*(=   Elf:2 !   Shoals:1 *
Vaults:2 (   Depths:1 =::   Depths:4 (

Portals:
Hell: Depths:1 Depths:2 Depths:3 Depths:4
Abyss: Depths:2 Depths:3
Pandemonium: Depths:1 Depths:2
Ziggurat: Depths:3

Annotations:
D:3 exclusion: worm
D:7 1 runed translucent door, 1 exclusion, Crazy Yiuf
D:10 4 exclusions
Shoals:2 3 runed translucent doors, SharpKris's ghost, adept FoFi
Elf:1 6 runed translucent doors
Elf:3 1 exclusion
Depths:3 exclusions: floating eye, 2 great orbs of eyes and 3 more exclusions
Zot:5 exclusion: obsidian statue


Innate Abilities, Weirdness & Mutations

You have very sharp teeth.
Your uncanny sense of smell can sniff out nearby items.
Your experience applies equally to all skills.
You have sharp toenails.
You are very clumsy. (Dex -4)
Your body often deteriorates upon taking damage.
You are dopey. (Int -2)
Your flesh is heat resistant. (rF+)
You are frail. (-10% HP)
Your magical capacity is low. (-10% MP)
You are somewhat resistant to further mutation.
You occasionally shout uncontrollably at your foes.
You are occasionally teleported next to monsters.
You occasionally lose the ability to drink potions when taking damage.
You occasionally lose the ability to read scrolls when taking damage.


Message History

You slash the Orb Guardian!
The Orb Guardian is severely wounded.
You completely miss the Orb Guardian.
Your +10 broad axe "Lusalof" {spect, rF+ Str+2} hits the Orb Guardian but does no damage. x2
Your +10 broad axe "Lusalof" {spect, rF+ Str+2} hits the Orb Guardian.
Your +10 broad axe "Lusalof" {spect, rF+ Str+2} hits the Orb Guardian!
You block the Orb Guardian's attack. The Orb Guardian hits you!!
You feel threatened and lose the ability to read scrolls!
You feel threatened and lose the ability to drink potions!
* * * LOW HITPOINT WARNING * * *
The moth of wrath goads the Orb Guardian on!
The Orb Guardian goes berserk!
The moth of wrath goads the Orb Guardian on!
The Orb Guardian goes berserk!
You cannot drink potions in your current state!
Unknown command.
Unknown command.
You cannot drink potions in your current state!
Unknown command.
You cannot read scrolls in your current state!
Unknown command.
The Orb Guardian attacks as you move away!
The Orb Guardian hits you but does no damage.
Your +10 broad axe "Lusalof" {spect, rF+ Str+2} disappears.
The Orb Guardian barely misses you. You block the Orb Guardian's attack.
The Orb Guardian hits you but does no damage.
You slice the Orb Guardian!!
You bite the Orb Guardian, but do no damage.
The Orb Guardian is almost dead.
You hit the Orb Guardian but do no damage.
You hit the Orb Guardian. x2
Your +10 broad axe "Lusalof" {spect, rF+ Str+2} hits the Orb Guardian!!
Your +10 broad axe "Lusalof" {spect, rF+ Str+2} hits the Orb Guardian but does no damage.
Your +10 broad axe "Lusalof" {spect, rF+ Str+2} hits the Orb Guardian!!
Your +10 broad axe "Lusalof" {spect, rF+ Str+2} hits the Orb Guardian but does no damage.
You block the Orb Guardian's attack. The Orb Guardian hits you!!
* * * LOW HITPOINT WARNING * * *
Your body deteriorates!
You feel dopey. You block the Orb Guardian's attack. The Orb Guardian hits you!
You die...

▓▓▓▓▓▓▓▓▓▓▓▓▓▓▓
▓▓▓▓(@X...[......▓▓▓▓
▓▓▓...XXX.^...........▓*
▓▓....d.....^...^.......* *******
▓...X....X.y.X..........,
,,,,,,**▓...p....*†.............,
,,,,,,,*▓........)........X.....*
,,,,^,,,▓.X.....d4.............▓*
,,,,,,,,........X.....q.......▓▓
,,,,,,,,▓...............§.§....▓*


You could see an orb of fire (unsilenced), a Killer Klown (unsilenced), 2
draconians, 9 Orb Guardians, a yellow draconian annihilator, a moth of wrath
(unsilenced), a red devil (summoned) and a friendly +10 broad axe "Lusalof"
{spect, rF+ Str+2}.

Vanquished Creatures
  the Royal Jelly (Slime:5)
  10 orbs of fire
  4 dread liches
  4 ancient liches
  2 juggernauts (Depths:3)
  Mara (Spider:3)
  Vv (Depths:4)
  Bai Suzhen (Depths:2)
  A Killer Klown (Zot:5)
  Saint Roka (Crypt:2)
  A caustic shrike (Depths:3)
  2 curse toes
  Nikola (Spider:3)
  Jory (Depths:3)
  12 golden dragons
  5 bone dragons
  2 profane servitors
  Arachne (Spider:2)
  3 electric golems
  Rupert (Orc:1)
  14 Orb Guardians (Zot:5)
  4 hellephants
  12 tentacled monstrosities
  Mlioglotl (Spider:3)
  5 deep elf blademasters
  10 liches
  Asterion (Spider:1)
  2 walking earthen tomes (Depths:3)
  19 titans
  19 acid blobs
  5 quicksilver dragons
  6 deep elf master archers
  21 tentacled starspawn
  6 death cobs
  4 sphinxes
  Gastronok (Lair:3)
  10 ancient champions
  Kirke (D:14)
  12 shadow dragons
  6 tengu reavers
  Donald (Vaults:2)
  6 draconian monks
  6 revenants
  18 storm dragons
  4 draconian knights
  13 rockslimes
  An emperor scorpion (Spider:1)
  7 azure jellies
  A spectral juggernaut (Depths:2)
  11 vault wardens
  22 fire giants
  6 deep elf sorcerers
  10 draconian scorchers
  15 frost giants
  3 ghost moths
  4 deep elf elementalists (Elf:3)
  An iron dragon (shapeshifter) (Vaults:5)
  A balrug (Abyss:2)
  5 draconian shifters
  2 orc warlords
  Aizul (Depths:2)
  2 draconian stormcallers
  4 reapers
  4 formless jellyfish
  4 ironbound thunderhulks
  2 war gargoyles (Vaults:5)
  4 draconian annihilators
  6 ghouls
  9 ironbound preservers
  A spriggan defender (Depths:2)
  29 very ugly things
  22 stone giants
  9 quicksilver oozes
  A juggernaut skeleton (Crypt:1)
  2 broodmothers
  9 deep elf demonologists
  5 vampire knights
  4 lorocyprocas (Abyss:3)
  3 black draconians
  8 spark wasps
  A minotaur (Shoals:2)
  7 green draconians
  The ghost of Obergh the Unseen, a journeyman SpBr (Depths:2)
  6 dire elephants
  5 deep elf annihilators
  10 red draconians
  16 white draconians
  13 purple draconians
  13 yellow draconians
  4 eidola (Crypt:3)
  4 merfolk javelineers
  A green death (Abyss:3)
  8 deep elf death magi
  A quicksilver dragon zombie (Crypt:3)
  A blizzard demon (Abyss:3)
  16 ettins
  4 fire dragons
  A crystal guardian (Vaults:3)
  16 jiangshi
  2 mummy priests (Crypt:3)
  6 merfolk impalers (Shoals:4)
  Josephine (D:10)
  An entropy weaver (shapeshifter) (Vaults:5)
  Fannar (D:12)
  6 deep elf high priests
  5 entropy weavers
  15 yaktaur captains
  12 great orbs of eyes
  2 spriggan air magi
  2 spriggan zombies
  A peacekeeper (Vaults:3)
  Erolcha (D:9)
  A caustic shrike simulacrum (Depths:2)
  8 hydras
  7 ice dragons
  4 ogre magi
  33 vault guards
  5 rakshasas
  5 merfolk aquamancers (Shoals:4)
  A catoblepas (Lair:5)
  2 spriggan skeletons
  2 jorogumos
  4 merfolk avatars
  A juggernaut simulacrum (Depths:2)
  6 ironbound frosthearts
  5 radroaches
  6 boulder beetles
  10 two-headed ogres
  30 dancing weapons
  4 satyrs
  20 centaur warriors
  6 alligator snapping turtles
  7 deep troll shamans
  A satyr (shapeshifter) (Vaults:5)
  8 tengu warriors
  A death knight (D:11)
  6 death yaks
  12 vampire magi
  Urug (D:12)
  9 hell hogs (Depths:4)
  2 naga warriors (Abyss:3)
  6 orc high priests
  11 deep troll earth magi
  A titan zombie (Crypt:3)
  5 hell knights
  4 spriggan berserkers
  6 demonic crawlers
  2 soul eaters (Crypt:1)
  37 deep elf knights
  19 thrashing horrors
  11 iron trolls
  Sonja (D:12)
  2 sixfirhies (Abyss:2)
  35 skeletal warriors
  20 wretched stars
  5 skysharks
  A titan skeleton (Vaults:5)
  A shadow wraith (Crypt:3)
  4 pharaoh ants
  5 orb spiders
  36 large abominations
  3 spatial maelstroms
  9 sea snakes
  3 flayed ghosts
  A sea snake (shapeshifter) (Depths:3)
  A storm dragon skeleton (Crypt:3)
  47 deep trolls
  5 glowing orange brains
  A tengu zombie (Vaults:5)
  A bog body (Crypt:3)
  4 lindwurms
  41 deep elf pyromancers
  6 steelbarb worms
  18 ironbound convokers
  12 phantasmal warriors
  2 orange crystal statues
  14 harpies
  34 deep elf zephyrmancers
  7 necromancers
  19 deep elf archers
  9 wizards
  5 orc knights
  A goliath frog zombie (Crypt:1)
  A mana viper (shapeshifter) (Depths:3)
  3 shining eyes
  A manticore (shapeshifter) (Abyss:2)
  6 orc sorcerers
  A cyclops (shapeshifter) (D:10)
  5 cyclopes
  26 wolf spiders
  18 fauns
  3 will-o-the-wisps
  37 ugly things
  14 manticores
  A salamander (shapeshifter) (Spider:2)
  5 worldbinders (Abyss:3)
  A wolf spider (shapeshifter) (Vaults:2)
  11 elephants
  3 centaur zombies
  7 black mambas
  A salamander (Abyss:3)
  13 vault sentinels
  Maurice (D:10)
  33 moths of wrath
  9 merfolk sirens
  2 guardian serpents
  3 rust devils (Abyss:3)
  3 water nymphs (shapeshifter)
  11 water nymphs
  A toenail golem (Abyss:3)
  8 torpor snails
  2 apocalypse crabs (Abyss:3)
  2 gargoyles
  15 cane toads
  16 smoke demons
  A naga zombie (Abyss:3)
  A cane toad (shapeshifter) (Abyss:3)
  3 orange demons (Abyss:3)
  A titan simulacrum (Abyss:3)
  An eye of devastation (Slime:5)
  Maggie (D:7)
  4 unseen horrors
  3 centaur skeletons
  2 hellions (Abyss:2)
  An emperor scorpion simulacrum (Crypt:2)
  3 rime drakes
  2 purple draconian zombies
  5 kobold demonologists
  A tormentor (Abyss:2)
  2 efreet
  5 komodo dragons
  4 freezing wraiths
  24 yaktaurs
  A yaktaur skeleton (Vaults:5)
  An alligator snapping turtle skeleton (Abyss:3)
  3 tengu conjurers
  5 guardian mummies
  A spectral glowing shapeshifter (Depths:2)
  A meliai (shapeshifter) (Elf:2)
  11 ancient zymes
  A mana viper zombie (Crypt:1)
  3 harpy zombies
  9 trolls
  5 polar bears
  15 meliai
  27 merfolk
  27 tarantellas
  9 hellwings
  An ettin zombie (Crypt:3)
  12 wind drakes
  8 blink frogs (Abyss:3)
  11 dream sheep (Lair:3)
  A hornet (Vaults:4)
  32 raiju
  A jumping spider (shapeshifter) (Abyss:3)
  A harpy skeleton (Crypt:3)
  3 centaur simulacra
  15 snapping turtles
  83 slime creatures
  8 flying skulls
  Sigmund (D:6)
  18 culicivoras
  4 shadows
  2 ushabtiu (Crypt:3)
  83 yaks
  17 jumping spiders
  8 wyverns
  11 ynoxinuls (Abyss:3)
  17 air elementals
  9 fire elementals
  25 water elementals
  5 vampires
  6 basilisks
  15 wraiths
  A dire elephant simulacrum (Crypt:2)
  A hog (D:14)
  27 humans
  5 vampire mosquitoes
  3 fire bats (Abyss:3)
  3 golden eyes
  A hog (shapeshifter) (Abyss:3)
  5 neqoxecs
  7 chaos spawn
  A basilisk (shapeshifter) (D:15)
  4 steam dragons
  11 spatial vortices
  Grum (D:9)
  43 redbacks
  4 wargs
  Menkaure (D:7)
  Edmund (D:6)
  A harpy simulacrum (Crypt:2)
  2 nagas (Abyss:3)
  A merfolk zombie (Crypt:2)
  A two-headed ogre skeleton (Crypt:1)
  5 acid dragons
  15 water moccasins
  A floating eye (Depths:2)
  36 orc warriors
  A sky beast (D:6)
  3 black bears
  A snapping turtle zombie (Crypt:2)
  3 human zombies
  An ice dragon simulacrum (Crypt:2)
  16 centaurs
  13 ogres
  A wolf (shapeshifter) (Vaults:5)
  19 wolves
  A rime drake zombie (Crypt:1)
  4 kobold brigands
  A salamander zombie (Crypt:2)
  4 earth elementals (Elf:1)
  19 bullfrogs
  4 necrophages
  A gnoll sergeant (D:10)
  A glowing shapeshifter simulacrum (Vaults:5)
  3 scorpions
  A draconian skeleton (Crypt:3)
  18 wights
  A cyclops skeleton (Crypt:2)
  A raiju zombie (Crypt:3)
  A yak skeleton (Crypt:1)
  8 killer bees
  12 howler monkeys
  2 electric eels (Lair:5)
  A raiju skeleton (Crypt:1)
  5 jellies
  A crimson imp (Abyss:3)
  5 quasits (Abyss:3)
  A hound (D:6)
  A basilisk zombie (Crypt:3)
  A gnoll bouda (Orc:1)
  20 orc priests
  3 iron imps
  40 starcursed masses
  A human skeleton (Crypt:1)
  3 sleepcaps
  A basilisk skeleton (Crypt:3)
  39 orc wizards
  3 iguanas
  28 small abominations
  A sky beast zombie (Crypt:3)
  19 mummies
  10 gnolls
  7 adders
  A river rat (D:3)
  A steam dragon skeleton (Crypt:3)
  A shadow imp (D:8)
  9 white imps
  5 ufetubi
  A worm (D:2)
  3 dart slugs
  91 orcs
  5 bats
  9 endoplasms
  5 giant cockroaches
  7 goblins
  5 hobgoblins
  4 jackals (D:3)
  21 kobolds
  6 quokkas
  7 ball pythons
  6 frilled lizards
  A goblin skeleton (Crypt:2)
  9 rats
  A rat skeleton (Crypt:1)
  A fire vortex (Lair:5)
  3 lurking horrors (Abyss:3)
  16 starspawn tentacles
2897 creatures vanquished.

Vanquished Creatures (collateral kills)
  A human (Bailey)
  2 bullfrogs (Bailey)
  2 orcs (D:3)
5 creatures vanquished.

Vanquished Creatures (others)
  A fire giant (Depths:3)
  A deep elf sorcerer (Elf:3)
  A vault guard (Bailey)
  2 deep elf knights
  A skeletal warrior (Crypt:3)
  2 deep elf zephyrmancers
  2 deep elf pyromancers
  A hellwing (Abyss:3)
  Prince Ribbit (Bailey)
  5 dream sheep (D:8)
  An air elemental (Elf:3)
  A small abomination (Abyss:3)
  A kobold brigand (D:7)
  A quasit (Abyss:2)
  A jelly (Abyss:2)
  An orc wizard (D:4)
  A shadow imp (Abyss:3)
  2 ufetubi
  An orc (Orc:2)
  5 foxfires
  3 lurking horrors
  108 spectral weapons
  36 starspawn tentacles
179 creatures vanquished.

Grand Total: 3081 creatures vanquished

Notes
Turn   | Place    | Note
-------+----------+-------------------------------------------
     0 | D:1      | Cosmo the Gnoll Artificer began the quest for the Orb.
     0 | D:1      | Reached XP level 1. HP: 17/17 MP: 1/1
   470 | D:1      | Reached XP level 2. HP: 16/23 MP: 2/2
   868 | D:1      | Reached XP level 3. HP: 20/28 MP: 3/3
  1232 | D:2      | Reached skill level 1 in Invocations
  1730 | D:2      | Found Gayphor's Distillery.
  1735 | D:2      | Reached skill level 1 in Short Blades
  1735 | D:2      | Reached skill level 1 in Long Blades
  1735 | D:2      | Reached skill level 1 in Axes
  1735 | D:2      | Reached skill level 1 in Maces & Flails
  1735 | D:2      | Reached skill level 1 in Polearms
  1735 | D:2      | Reached skill level 1 in Staves
  1735 | D:2      | Reached skill level 1 in Ranged Weapons
  1735 | D:2      | Reached skill level 1 in Throwing
  1735 | D:2      | Reached skill level 1 in Shields
  1735 | D:2      | Reached skill level 1 in Unarmed Combat
  1735 | D:2      | Reached skill level 1 in Spellcasting
  1857 | D:2      | Reached XP level 4. HP: 10/34 MP: 5/5
  2330 | D:2      | Reached skill level 1 in Conjurations
  2330 | D:2      | Reached skill level 1 in Hexes
  2330 | D:2      | Reached skill level 1 in Summonings
  2330 | D:2      | Reached skill level 1 in Necromancy
  2330 | D:2      | Reached skill level 1 in Translocations
  2330 | D:2      | Reached skill level 1 in Transmutations
  2330 | D:2      | Reached skill level 1 in Fire Magic
  2330 | D:2      | Reached skill level 1 in Ice Magic
  2330 | D:2      | Reached skill level 1 in Air Magic
  2330 | D:2      | Reached skill level 1 in Earth Magic
  2330 | D:2      | Reached skill level 1 in Poison Magic
  3063 | D:3      | Reached XP level 5. HP: 36/40 MP: 7/7
  4597 | D:4      | Reached skill level 5 in Armour
  4597 | D:4      | Reached skill level 2 in Spellcasting
  4597 | D:4      | Reached XP level 6. HP: 39/47 MP: 7/9
  5373 | D:5      | Entered Level 5 of the Dungeon
  6069 | D:5      | Reached XP level 7. HP: 44/52 MP: 10/10
  6748 | D:5      | Reached skill level 3 in Spellcasting
  6748 | D:5      | Reached XP level 8. HP: 60/60 MP: 12/12
  7550 | D:6      | Noticed Sigmund
  8323 | D:6      | Killed Sigmund
  8324 | D:6      | Reached skill level 4 in Spellcasting
  8324 | D:6      | Reached XP level 9. HP: 53/67 MP: 13/15
  8478 | D:6      | Found a staircase to the Ecumenical Temple.
  8490 | Temple   | Entered the Ecumenical Temple
  8752 | Temple   | Upgraded the game from 0.31-a0-234-gad7ace16ef to
                  | 0.31-a0-237-g2d982f9f85
  8794 | D:6      | Noticed Edmund
  8809 | D:6      | Killed Edmund
  9299 | D:7      | Noticed Menkaure
  9305 | D:7      | Killed Menkaure
  9306 | D:7      | Reached skill level 5 in Fighting
  9306 | D:7      | Reached skill level 5 in Dodging
  9445 | D:7      | Found Okataemu's Antique Armour Shoppe.
  9480 | D:7      | Found an ornate altar of the Wu Jian Council.
  9580 | D:7      | Noticed Maggie
  9636 | D:7      | Reached skill level 5 in Stealth
  9661 | D:7      | Killed Maggie
  9810 | D:7      | Found a flagged portal.
  9826 | D:7      | Reached skill level 5 in Invocations
  9840 | Bailey   | Entered a bailey
  9877 | Bailey   | HP: 1/68 [human/+1 heavy hand axe (11)]
 10382 | Bailey   | Reached skill level 5 in Short Blades
 10382 | Bailey   | Reached skill level 5 in Long Blades
 10382 | Bailey   | Reached skill level 5 in Axes
 10382 | Bailey   | Reached skill level 5 in Maces & Flails
 10382 | Bailey   | Reached skill level 5 in Polearms
 10382 | Bailey   | Reached skill level 5 in Staves
 10382 | Bailey   | Reached skill level 5 in Ranged Weapons
 10382 | Bailey   | Reached skill level 5 in Throwing
 10382 | Bailey   | Reached skill level 5 in Shields
 10382 | Bailey   | Reached skill level 5 in Unarmed Combat
 10382 | Bailey   | Reached skill level 5 in Spellcasting
 10452 | Bailey   | Reached XP level 10. HP: 71/76 MP: 17/17
 10645 | Bailey   | Noticed a vault guard
 10645 | Bailey   | Noticed Prince Ribbit
 10672 | Bailey   | Your ally Prince Ribbit died
 10696 | Bailey   | Noticed a vault guard
 11877 | D:7      | Found a runed translucent door.
 11878 | D:7      | Noticed Crazy Yiuf
 12241 | D:7      | Bought an embroidered cloak for 232 gold pieces
 12638 | D:8      | Found a staircase to the Lair.
 12638 | D:8      | Noticed an elephant
 12915 | D:8      | Noticed a two-headed ogre
 13507 | D:7      | Killed a two-headed ogre
 13762 | D:8      | Noticed a two-headed ogre
 13801 | D:7      | Killed a two-headed ogre
 13802 | D:7      | Reached skill level 6 in Spellcasting
 13967 | D:7      | Reached skill level 5 in Conjurations
 13967 | D:7      | Reached skill level 5 in Hexes
 13967 | D:7      | Reached skill level 5 in Summonings
 13967 | D:7      | Reached skill level 5 in Necromancy
 13967 | D:7      | Reached skill level 5 in Translocations
 13967 | D:7      | Reached skill level 5 in Transmutations
 13967 | D:7      | Reached skill level 5 in Fire Magic
 13967 | D:7      | Reached skill level 5 in Ice Magic
 13967 | D:7      | Reached skill level 5 in Air Magic
 13967 | D:7      | Reached skill level 5 in Earth Magic
 13967 | D:7      | Reached skill level 5 in Poison Magic
 14104 | D:8      | Reached XP level 11. HP: 80/83 MP: 20/20
 15467 | D:8      | Found a shimmering altar of Xom.
 15685 | D:9      | Learned a level 2 spell: Poisonous Vapours
 15964 | D:9      | Found a sacrificial altar of Ru.
 15967 | D:9      | Found an iron altar of Okawaru.
 15970 | D:9      | Found a shimmering blue altar of Sif Muna.
 15973 | D:9      | Found a hazy altar of Hepliaklqana.
 16023 | D:9      | Became a worshipper of Warmaster Okawaru
 16208 | D:9      | Noticed Grum
 16249 | D:9      | Killed Grum
 16668 | D:9      | Noticed Erolcha
 16930 | D:9      | Reached * piety under Okawaru
 17271 | D:9      | Found an opulent altar of Gozag.
 17271 | D:9      | Found a blossoming altar of Fedhas.
 17581 | D:10     | Entered Level 10 of the Dungeon
 17904 | D:10     | Noticed a five-headed hydra
 17955 | D:10     | Noticed a fire dragon
 18251 | Lair:1   | Entered Level 1 of the Lair of Beasts
 19239 | Lair:1   | Reached skill level 7 in Spellcasting
 19267 | Lair:1   | Reached ** piety under Okawaru
 19523 | Lair:1   | Reached XP level 12. HP: 57/91 MP: 20/22
 21104 | Lair:2   | Reached skill level 10 in Evocations
 21499 | Lair:2   | Noticed a seven-headed hydra
 21523 | Lair:2   | Killed a one-headed hydra
 22203 | Lair:2   | Found a hole to the Spider Nest.
 22938 | Lair:3   | Identified the +1 robe "Xonilah" {rElec rPois Will-}
 22949 | Lair:3   | Reached *** piety under Okawaru
 23069 | Lair:3   | Found a staircase to the Shoals.
 23187 | Lair:3   | Reached skill level 8 in Spellcasting
 23815 | Lair:3   | Reached XP level 13. HP: 98/99 MP: 25/25
 24147 | Lair:3   | Noticed Gastronok
 24195 | Lair:3   | Killed Gastronok
 24195 | Lair:3   | Reached **** piety under Okawaru
 24657 | Lair:4   | Received a gift from Okawaru
 25084 | Lair:4   | Received a gift from Okawaru
 25807 | Lair:5   | Entered Level 5 of the Lair of Beasts
 26323 | Lair:5   | Received a gift from Okawaru
 26506 | Lair:5   | Reached skill level 10 in Armour
 26765 | Lair:5   | Received a gift from Okawaru
 26874 | Lair:5   | Reached skill level 9 in Spellcasting
 27171 | Lair:5   | Received a gift from Okawaru
 27311 | Lair:5   | Reached XP level 14. HP: 61/108 MP: 27/27
 27314 | Lair:5   | Reached skill level 10 in Invocations
 27908 | Lair:5   | Found a staircase to the Slime Pits.
 27909 | Lair:5   | Found a viscous altar of Jiyva.
 27995 | Lair:5   | Reached ***** piety under Okawaru
 28397 | Lair:5   | Received a gift from Okawaru
 29490 | D:9      | Killed Erolcha
 29691 | D:10     | Reached skill level 10 in Fighting
 29691 | D:10     | Reached skill level 10 in Dodging
 29866 | D:10     | Received a gift from Okawaru
 29867 | D:10     | Reached skill level 10 in Stealth
 29931 | D:9      | HP: 5/110 [fire dragon/blast of flame (27)]
 30319 | D:9      | HP: 5/110 [fire dragon (8)]
 31121 | D:10     | Found a snail-covered altar of Cheibriados.
 31151 | D:10     | Identified the +0 buckler "Dijaen" {rN+}
 31157 | D:10     | Identified the +8 quick blade of Ivuotec {freeze, Int+3}
 31157 | D:10     | Identified the ring "Goffeys" {rPois rC++ Dex+6}
 31434 | D:10     | Found a staircase to the Orcish Mines.
 31476 | D:10     | You fall into a shaft and drop 3 floors!
 31509 | D:13     | Identified the +5 swamp dragon scales "Puesack" {rPois
                  | rC+++ Will- Int-2 Dex+4} (Okawaru gifted it to you on level
                  | 13 of the Dungeon)
 31509 | D:13     | Received a gift from Okawaru
 31578 | D:13     | Reached skill level 10 in Short Blades
 31578 | D:13     | Reached skill level 10 in Long Blades
 31578 | D:13     | Reached skill level 10 in Axes
 31578 | D:13     | Reached skill level 10 in Maces & Flails
 31578 | D:13     | Reached skill level 10 in Polearms
 31578 | D:13     | Reached skill level 10 in Staves
 31578 | D:13     | Reached skill level 10 in Ranged Weapons
 31578 | D:13     | Reached skill level 10 in Throwing
 31578 | D:13     | Reached skill level 10 in Shields
 31578 | D:13     | Reached skill level 10 in Unarmed Combat
 31578 | D:13     | Reached skill level 10 in Spellcasting
 31578 | D:13     | Reached XP level 15. HP: 117/117 MP: 27/29
 32362 | D:10     | Noticed Maurice
 32459 | D:10     | Noticed Josephine
 32480 | D:10     | Killed Josephine
 32510 | D:10     | Killed Maurice
 32569 | D:10     | Identified the +8 plate armour "Hetu" {Rampage rElec MP-9
                  | Stlth-}
 32833 | D:10     | Reached XP level 16. HP: 124/124 MP: 30/30
 33445 | D:11     | Found Myaruil's Jewellery Emporium.
 33633 | D:11     | Bought the amulet "Webedef" {Reflect Regen+ SH+5} for 444
                  | gold pieces
 34015 | D:11     | Identified the +0 scale mail of the Gusle {Str-5 Dex+5}
 34775 | D:12     | Noticed Fannar
 34782 | D:12     | Noticed Urug
 34826 | D:12     | Killed Urug
 34906 | D:12     | Killed Fannar
 35011 | D:12     | Noticed Sonja
 35017 | D:12     | Killed Sonja
 35978 | D:14     | Noticed Kirke
 35993 | D:14     | Killed Kirke
 36222 | D:14     | Identified the +2 battleaxe of Huhap {heavy, *Rage rC+++
                  | Int+3 SInv}
 36318 | D:14     | Reached skill level 11 in Spellcasting
 36357 | D:14     | Found a gate to the Vaults.
 36401 | D:14     | Identified the +3 pair of gloves of Soupn {+Blink rPois
                  | Will+} (Okawaru gifted it to you on level 14 of the
                  | Dungeon)
 36401 | D:14     | Received a gift from Okawaru
 36940 | D:15     | Entered Level 15 of the Dungeon
 37320 | D:15     | Reached XP level 17. HP: 128/132 MP: 32/32
 37327 | D:15     | Found a staircase to the Depths.
 37973 | Orc:1    | Entered Level 1 of the Orcish Mines
 38041 | Orc:1    | Found an iron altar of Okawaru.
 38121 | Orc:1    | Found Muoxt's General Store.
 38140 | Orc:1    | Found Piarchum's Distillery.
 38204 | Orc:1    | Found Ficlug's Jewellery Boutique.
 38556 | Orc:2    | Entered Level 2 of the Orcish Mines
 38556 | Orc:2    | Found a staircase to the Elven Halls.
 38677 | Orc:2    | Noticed Rupert
 38833 | Orc:1    | Found Piarchum's Distillery.
 38867 | Orc:1    | Found Ficlug's Jewellery Boutique.
 38971 | Orc:1    | Found an iron altar of Okawaru.
 39018 | Orc:1    | Paralysed by Rupert for 5 turns
 39034 | Orc:1    | Killed Rupert
 39559 | Orc:1    | Received a gift from Okawaru
 40455 | Orc:2    | Found Zinaur's Antique Armour Shop.
 40456 | Orc:2    | Found Caemy's Antique Weapon Shop.
 40458 | Orc:2    | Found Wuefai's General Store.
 40458 | Orc:2    | Found Kuapyuhu's Jewellery Boutique.
 40731 | Spider:1 | Entered Level 1 of the Spider Nest
 41098 | Spider:1 | Received a gift from Okawaru
 41261 | Spider:1 | Reached skill level 10 in Conjurations
 41261 | Spider:1 | Reached skill level 10 in Hexes
 41261 | Spider:1 | Reached skill level 10 in Summonings
 41261 | Spider:1 | Reached skill level 10 in Necromancy
 41261 | Spider:1 | Reached skill level 10 in Translocations
 41261 | Spider:1 | Reached skill level 10 in Transmutations
 41261 | Spider:1 | Reached skill level 10 in Fire Magic
 41261 | Spider:1 | Reached skill level 10 in Ice Magic
 41261 | Spider:1 | Reached skill level 10 in Air Magic
 41261 | Spider:1 | Reached skill level 10 in Earth Magic
 41261 | Spider:1 | Reached skill level 10 in Poison Magic
 41922 | Spider:1 | Noticed Asterion
 41960 | Spider:1 | Killed Asterion
 41960 | Spider:1 | Identified the +3 lajatang of Qokkulurev {venom, Fly Int+2}
                  | (Okawaru gifted it to you on level 1 of the Spider Nest)
 41960 | Spider:1 | Received a gift from Okawaru
 42309 | Spider:2 | Reached skill level 12 in Spellcasting
 42741 | Spider:2 | Noticed Arachne
 42895 | Spider:2 | Killed Arachne
 42895 | Spider:2 | Received a gift from Okawaru
 43655 | Spider:2 | Reached XP level 18. HP: 110/141 MP: 34/34
 44012 | Spider:3 | Noticed Mara
 44022 | Spider:3 | Noticed Cosmo's illusion
 44065 | Spider:3 | Killed Mara
 44065 | Spider:3 | Received a gift from Okawaru
 44622 | Spider:3 | Noticed Mlioglotl
 44669 | Spider:3 | Killed Mlioglotl
 44937 | Spider:3 | Noticed Nikola
 44956 | Spider:4 | Entered Level 4 of the Spider Nest
 45002 | Spider:3 | Killed Nikola
 45689 | Spider:4 | Received a gift from Okawaru
 46137 | Spider:4 | Identified the +2 short sword of Ifrelen {flame, rF+}
                  | (Okawaru gifted it to you on level 4 of the Spider Nest)
 46137 | Spider:4 | Received a gift from Okawaru
 47745 | Spider:4 | Gained mutation: Armour fits poorly on your strangely
                  | shaped body. [mutagenic glow]
 47770 | Spider:3 | Gained mutation: You are occasionally teleported next to
                  | monsters. [mutagenic glow]
 47870 | Spider:3 | Lost mutation: You are occasionally teleported next to
                  | monsters. [potion of mutation]
 47870 | Spider:3 | Lost mutation: Armour fits poorly on your strangely shaped
                  | body. [potion of mutation]
 47870 | Spider:3 | Gained mutation: Armour fits poorly on your strangely
                  | shaped body. [potion of mutation]
 47870 | Spider:3 | Gained mutation: You have hidden genetic defects. [potion
                  | of mutation]
 47870 | Spider:3 | Gained mutation: You are frail. (-10% HP) [potion of
                  | mutation]
 47870 | Spider:3 | Gained mutation: Your spells are a little harder to cast,
                  | but a little more powerful. [potion of mutation]
 47871 | Spider:3 | Lost mutation: Your spells are a little harder to cast, but
                  | a little more powerful. [potion of mutation]
 47871 | Spider:3 | Lost mutation: Armour fits poorly on your strangely shaped
                  | body. [potion of mutation]
 47871 | Spider:3 | Gained mutation: Your muscles are strong. (Str +4, Int/Dex
                  | -1) [potion of mutation]
 47871 | Spider:3 | Gained mutation: Your mind is acute. (Int +4, Str/Dex -1)
                  | [potion of mutation]
 47872 | Spider:3 | Lost mutation: Your mind is acute. (Int +4, Str/Dex -1)
                  | [potion of mutation]
 47872 | Spider:3 | Lost mutation: You are frail. (-10% HP) [potion of
                  | mutation]
 47872 | Spider:3 | Gained mutation: You have terrible hidden genetic defects.
                  | [potion of mutation]
 47872 | Spider:3 | Gained mutation: Your flesh is heat resistant. (rF+)
                  | [potion of mutation]
 47872 | Spider:3 | Gained mutation: You are robust. (+10% HP) [potion of
                  | mutation]
 47872 | Spider:3 | Gained mutation: You have sharp toenails. [potion of
                  | mutation]
 48263 | Spider:4 | Got a gossamer rune of Zot
 48731 | Elf:1    | Entered Level 1 of the Elven Halls
 49025 | Elf:1    | Paralysed by an air elemental for 1 turns
 49318 | Elf:1    | Received a gift from Okawaru
 49473 | Elf:1    | Lost mutation: Your muscles are strong. (Str +4, Int/Dex
                  | -1) [hidden defects]
 49492 | Elf:1    | Reached XP level 19. HP: 160/163 MP: 35/35
 49509 | Elf:1    | Received a gift from Okawaru
 49749 | Elf:1    | Reached skill level 13 in Spellcasting
 49951 | Abyss:2  | Cast into level 2 of the Abyss (a deep elf sorcerer)
 50000 | Abyss:2  | Noticed a bone dragon
 50073 | Abyss:2  | Killed a bone dragon
 50079 | Abyss:2  | Paralysed by accursed screaming for 1 turns
 50283 | Abyss:2  | Received a gift from Okawaru
 50302 | Abyss:2  | Gained mutation: Your magical capacity is low. (-10% MP)
                  | [hidden defects]
 50302 | Abyss:2  | Lost mutation: You have terrible hidden genetic defects.
                  | [hidden defects expressed]
 50418 | Elf:1    | Escaped the Abyss
 50747 | Elf:1    | Found a runed translucent gate.
 50747 | Elf:1    | Found a runed translucent gate.
 50747 | Elf:1    | Found a runed translucent gate.
 50747 | Elf:1    | Found a runed translucent gate.
 50747 | Elf:1    | Found a runed translucent gate.
 51061 | Elf:1    | Found a runed translucent gate.
 51244 | Elf:2    | Paralysed by an air elemental for 1 turns
 51266 | Elf:2    | Gained mutation: You have terrible hidden genetic defects.
                  | [hidden defects]
 51281 | Elf:2    | Paralysed by an air elemental for 1 turns
 51592 | Elf:2    | Paralysed by an air elemental for 1 turns
 51595 | Elf:2    | Received a gift from Okawaru
 51698 | Elf:2    | Noticed a Hell Sentinel
 51704 | Elf:2    | Received a gift from Okawaru
 51711 | Elf:2    | Paralysed by an air elemental for 1 turns
 51841 | Elf:2    | Paralysed by an air elemental for 1 turns
 51843 | Elf:2    | Paralysed by an air elemental for 1 turns
 51880 | Elf:2    | Found a transporter.
 51884 | Elf:2    | Found Rumy's Distillery.
 51886 | Elf:2    | Found a transporter.
 51968 | Elf:2    | Bought 2 potions of heal wounds for 130 gold pieces
 51968 | Elf:2    | Bought a potion of heal wounds for 65 gold pieces
 52019 | Elf:2    | Found a runed translucent gate.
 52020 | Elf:2    | Found a runed translucent gate.
 52020 | Elf:2    | Found a runed translucent gate.
 52310 | Elf:2    | Gained mutation: You occasionally shout uncontrollably at
                  | your foes. [hidden defects]
 52310 | Elf:2    | Lost mutation: You have terrible hidden genetic defects.
                  | [hidden defects expressed]
 52676 | Elf:2    | Received a gift from Okawaru
 52844 | Elf:2    | Reached skill level 15 in Evocations
 52946 | Elf:3    | Entered Level 3 of the Elven Halls
 52971 | Elf:3    | Paralysed by an air elemental for 1 turns
 52976 | Elf:3    | Paralysed by an air elemental for 1 turns
 53119 | Elf:3    | Received a gift from Okawaru
 53157 | Elf:3    | Gained mutation: You are clumsy. (Dex -2) [hidden defects]
 53233 | Elf:3    | Identified the +1 mace of Midnight {venom, rPois rN+}
 53233 | Elf:3    | Identified the ring of Xom's Fair Game {rElec rN+ Will+
                  | Stlth-}
 53236 | Elf:3    | Identified the +0 rapier of Offence {distort, Fragile MP+9
                  | Str+5 Dex+4}
 53238 | Elf:3    | Reached XP level 20. HP: 173/173 MP: 24/33
 53292 | Elf:3    | Received a gift from Okawaru
 53331 | Abyss:2  | Cast into level 2 of the Abyss (a deep elf sorcerer)
 53361 | Abyss:2  | Identified the +6 plate armour of Duwkat {Regen+ Str-5
                  | Slay+3} (Okawaru gifted it to you on level 2 of the Abyss)
 53361 | Abyss:2  | Received a gift from Okawaru
 53370 | Abyss:2  | Noticed a bone dragon
 53423 | Abyss:2  | Killed a bone dragon
 53474 | Abyss:2  | Found a corrupted altar of Lugonu.
 53514 | Abyss:2  | Reached skill level 15 in Invocations
 53551 | Abyss:2  | Lost mutation: You are robust. (+10% HP) [hidden defects]
 53551 | Abyss:2  | Lost mutation: You have hidden genetic defects. [hidden
                  | defects expressed]
 53626 | Abyss:2  | Gained mutation: You have hidden genetic defects. [a
                  | neqoxec]
 53637 | Abyss:2  | Found a corrupted altar of Lugonu.
 53639 | Abyss:2  | Noticed a bone dragon
 53676 | Abyss:2  | Killed a bone dragon
 53790 | Elf:3    | Escaped the Abyss
 54064 | Elf:3    | Reached skill level 14 in Spellcasting
 54270 | Elf:3    | Identified the +12 lajatang "Jowunann" {drain, rN+}
 54270 | Elf:3    | Identified the ring "Plog" {rN+ Will+ Int+3 SInv}
 54325 | Elf:3    | Gained mutation: You are frail. (-10% HP) [hidden defects]
 54747 | Elf:3    | Identified the ring "Kuriwoolluf" {rElec rC+ rCorr Str+5}
 54824 | Elf:3    | Identified the +7 longbow of Rotten Trial by Ordeal {drain,
                  | +Blink rC+ Dex+3}
 55018 | Elf:3    | Paralysed by an air elemental for 1 turns
 55027 | Elf:3    | Paralysed by an air elemental for 1 turns
 55040 | Elf:3    | Identified the staff of Corporal Punishment {Will+ Conj}
 55280 | Elf:3    | Found a gateway to a bazaar.
 55322 | Bazaar   | Entered a bazaar
 55322 | Bazaar   | Found Vujuch's General Store.
 55322 | Bazaar   | Found Wuas's General Store.
 55322 | Bazaar   | Found Acworol's General Store.
 55322 | Bazaar   | Found Qumuodipt's Book Shoppe.
 55340 | Bazaar   | Bought a scroll of teleportation for 48 gold pieces
 55561 | Vaults:1 | Entered Level 1 of the Vaults
 55625 | Vaults:1 | Identified the +8 tower shield of the Sturgeon {Contam rF+
                  | rCorr Str+2} (Okawaru gifted it to you on level 1 of the
                  | Vaults)
 55625 | Vaults:1 | Received a gift from Okawaru
 55758 | D:14     | Gained mutation: You are very clumsy. (Dex -4) [hidden
                  | defects]
 55758 | D:14     | Lost mutation: You have hidden genetic defects. [hidden
                  | defects expressed]
 56557 | Vaults:1 | Identified the +7 scimitar "Faiwkeno" {elec, Int+6}
 56613 | Vaults:1 | Reached skill level 15 in Armour
 56879 | Vaults:1 | Reached XP level 21. HP: 125/149 MP: 24/35
 57563 | Vaults:2 | Found Ucour's Antique Weapon Boutique.
 57747 | Vaults:2 | Found a magical portal.
 57764 | WizLab   | Entered Wucad Mu's Monastery
 58288 | WizLab   | Found the crystal ball of Wucad Mu {*channel}
 58460 | WizLab   | Reached XP level 22. HP: 156/156 MP: 27/36
 58663 | Vaults:2 | Noticed Donald
 58700 | Vaults:2 | Killed Donald
 59504 | Vaults:2 | Reached skill level 15 in Fighting
 59504 | Vaults:2 | Reached skill level 15 in Dodging
 59617 | Vaults:2 | Found a staircase to the Crypt.
 59626 | Vaults:2 | Identified the +10 broad axe "Lusalof" {spect, rF+ Str+2}
 60153 | Vaults:3 | Reached skill level 15 in Stealth
 60153 | Vaults:3 | Reached skill level 15 in Spellcasting
 61280 | Vaults:4 | Received a gift from Okawaru
 61854 | Vaults:4 | Reached skill level 15 in Short Blades
 61854 | Vaults:4 | Reached skill level 15 in Long Blades
 61854 | Vaults:4 | Reached skill level 15 in Axes
 61854 | Vaults:4 | Reached skill level 15 in Maces & Flails
 61854 | Vaults:4 | Reached skill level 15 in Polearms
 61854 | Vaults:4 | Reached skill level 15 in Staves
 61854 | Vaults:4 | Reached skill level 15 in Ranged Weapons
 61854 | Vaults:4 | Reached skill level 15 in Throwing
 61854 | Vaults:4 | Reached skill level 15 in Shields
 61854 | Vaults:4 | Reached skill level 15 in Unarmed Combat
 61885 | Vaults:4 | Received a gift from Okawaru
 62329 | Vaults:4 | Identified the +2 short sword of the Bashing Seeker {heavy,
                  | rC+ Will+ Int+2 Dex+3}
 62565 | Vaults:5 | Entered Level 5 of the Vaults
 62620 | Vaults:4 | Received a gift from Okawaru
 62887 | Vaults:5 | Noticed a dread lich
 62982 | Vaults:4 | Reached XP level 23. HP: 139/163 MP: 27/38
 63007 | Vaults:4 | Received a gift from Okawaru
 63430 | Shoals:1 | Entered Level 1 of the Shoals
 64142 | Shoals:1 | Reached skill level 16 in Spellcasting
 64172 | Shoals:1 | Found Jiug's Gadget Gallery.
 65127 | Shoals:1 | Received a gift from Okawaru
 65376 | Shoals:2 | Found a radiant altar of Vehumet.
 65456 | Shoals:2 | Found a hide-covered altar of Uskayaw.
 65605 | Shoals:2 | Identified the +5 arbalest "Vopt" {freeze, Fragile rPois
                  | Int-4 Dex+8}
 65614 | Shoals:2 | Found a glowing silver altar of Zin.
 65645 | Shoals:2 | Received a gift from Okawaru
 65748 | Shoals:2 | Found a runed translucent gate.
 65749 | Shoals:2 | Found a runed translucent gate.
 65750 | Shoals:2 | Found a runed translucent gate.
 65757 | Shoals:2 | Noticed SharpKris's ghost (adept FoFi)
 67005 | Shoals:4 | Entered Level 4 of the Shoals
 67068 | Shoals:4 | Identified the +3 tower shield of Xom's Regard {*Corrode
                  | rF++ Dex+3}
 67078 | Shoals:4 | Paralysed by an air elemental for 1 turns
 67084 | Shoals:4 | Paralysed by an air elemental for 1 turns
 67086 | Shoals:4 | Paralysed by an air elemental for 1 turns
 67601 | Shoals:4 | Paralysed by an air elemental for 1 turns
 67653 | Shoals:4 | Paralysed by an air elemental for 1 turns
 67667 | Shoals:4 | Paralysed by an air elemental for 1 turns
 67671 | Shoals:4 | Paralysed by an air elemental for 1 turns
 67692 | Shoals:4 | Paralysed by an air elemental for 1 turns
 67865 | Shoals:4 | Found a blossoming altar of Fedhas.
 68110 | Shoals:4 | Paralysed by an air elemental for 1 turns
 68115 | Shoals:4 | Paralysed by an air elemental for 1 turns
 68565 | Shoals:4 | Paralysed by an air elemental for 1 turns
 69201 | Shoals:4 | Identified the +7 short sword "Jehaedamp" {pain, Drain
                  | rElec rPois Dex+3}
 69451 | Shoals:4 | Got a barnacled rune of Zot
 69853 | Depths:1 | Entered Level 1 of the Depths
 69938 | Depths:1 | Found a gateway to Hell.
 70281 | Depths:1 | Reached skill level 17 in Spellcasting
 70577 | Depths:1 | Found a blossoming altar of Fedhas.
 70634 | Depths:1 | Found Pojir's Jewellery Emporium.
 70634 | Depths:1 | Found Efewkir's Book Boutique.
 70635 | Depths:1 | Found Viph's Book Boutique.
 70858 | Depths:1 | Found a one-way gate leading to the halls of Pandemonium.
 70973 | Depths:2 | Noticed Aizul
 70993 | Depths:2 | Killed Aizul
 71005 | Depths:2 | Noticed Bai Suzhen
 71053 | Depths:2 | Killed Bai Suzhen
 71405 | Depths:2 | Reached XP level 24. HP: 148/171 MP: 30/39
 71690 | Depths:2 | Received a gift from Okawaru
 71721 | Depths:2 | Paralysed by a floating eye for 2 turns
 71729 | Depths:2 | Paralysed by a floating eye for 3 turns
 71745 | Depths:2 | Paralysed by a floating eye for 2 turns
 71751 | Depths:2 | Paralysed by a floating eye for 4 turns
 71982 | Depths:2 | Found a transporter.
 71982 | Depths:2 | Noticed Obergh's ghost (journeyman SpBr)
 71988 | Depths:2 | Noticed an ancient lich
 72417 | Depths:2 | Received a gift from Okawaru
 72478 | Depths:2 | Found a transporter.
 72939 | Depths:2 | Found a one-way gate to the infinite horrors of the Abyss.
 73067 | Depths:2 | Killed an ancient lich
 73067 | Depths:2 | Received a gift from Okawaru
 73080 | Depths:2 | Killed Obergh's ghost
 73095 | Depths:2 | Identified the +4 cloak "Cilliugh" {+Inv}
 73249 | Depths:3 | Noticed a juggernaut
 73269 | Depths:3 | Noticed Jory
 73292 | Depths:3 | Killed a juggernaut
 73320 | Depths:3 | Killed Jory
 73447 | Depths:3 | Noticed a juggernaut
 73464 | Depths:3 | Killed a juggernaut
 73465 | Depths:3 | Reached skill level 18 in Spellcasting
 73598 | Depths:3 | Noticed a caustic shrike
 73614 | Depths:3 | Killed a caustic shrike
 73792 | Depths:3 | Identified the scarf of the Baker {shadows, Int+4 SInv}
                  | (Okawaru gifted it to you on level 3 of the Depths)
 73792 | Depths:3 | Received a gift from Okawaru
 73952 | Depths:3 | Found a one-way gateway to a ziggurat.
 73954 | Depths:3 | Paralysed by a floating eye for 3 turns
 73961 | Depths:3 | Paralysed by a floating eye for 4 turns
 73969 | Depths:3 | Paralysed by a floating eye for 4 turns
 73975 | Depths:3 | Paralysed by a floating eye for 4 turns
 74008 | Depths:3 | Paralysed by a floating eye for 2 turns
 74024 | Depths:3 | Paralysed by a floating eye for 4 turns
 74190 | Depths:3 | Found a white marble altar of Elyvilon.
 74599 | Depths:4 | Entered Level 4 of the Depths
 74657 | Depths:4 | Found Tepum's Antique Weapon Shoppe.
 74694 | Depths:4 | Reached XP level 25. HP: 82/180 MP: 31/40
 75121 | Depths:4 | Noticed Vv
 75144 | Depths:4 | Killed Vv
 75844 | Depths:4 | Found a gate to the Realm of Zot.
 76113 | Depths:4 | Found a portal to a secret trove of treasure.
 76350 | Depths:4 | Received a gift from Okawaru
 77557 | Depths:4 | You paid a toll of a +7 demon trident to enter a treasure
                  | trove
 77558 | Trove    | Entered a treasure trove
 77562 | Trove    | Identified the +0 pair of gloves of Wu Jian's Outrage
                  | {rElec rC- Int+3}
 77567 | Trove    | Identified the ring "Wisicecw" {rPois rC+ rN+ Will- Str+8}
 77570 | Trove    | Identified the +7 broad axe "Ymuek" {freeze, rCorr Str+3}
 77574 | Trove    | Got the Quarto of the White Birds
 77577 | Trove    | Got the Secrets of Combative Graupel
 77579 | Trove    | Identified the +3 helmet "Put-Me-On" {rPois rF+}
 77589 | Trove    | Identified the +2 rapier of Bayfiafa {pain, rElec rCorr
                  | Int+2 Dex-4}
 77601 | Trove    | Identified the amulet "Keugetoc" {Faith Int+4 Slay+5}
 77607 | Trove    | Identified the ring "Moestoag" {rN+ SInv}
 77612 | Trove    | Identified the amulet "Luucaroy" {Spirit Rampage +Blink rC-
                  | Str-2}
 77791 | Depths:4 | Learned a level 5 spell: Silence
 78012 | Crypt:1  | Entered Level 1 of the Crypt
 78274 | Vaults:5 | Killed a dread lich
 78275 | Vaults:5 | Reached skill level 19 in Spellcasting
 78448 | Vaults:5 | Got a silver rune of Zot
 78855 | Vaults:5 | Noticed an ancient lich
 78875 | Vaults:5 | Killed an ancient lich
 78919 | Vaults:5 | Identified the ring "Nurph" {rElec rF- rC+ Dex+4 SInv}
 78933 | Vaults:5 | Received a gift from Okawaru
 78944 | Vaults:5 | Identified the staff of the Wasteland {+Blink rF- Will++
                  | Int+3 Conj}
 79483 | Vaults:5 | Identified the +8 glaive of Nugaut {drain, MP+9 Dex+2}
 79842 | Vaults:5 | Identified the staff of the Foot {rF+ Dex-5 SInv Conj}
 79976 | Vaults:5 | Received a gift from Okawaru
 80098 | Vaults:5 | Identified the +4 halberd of Diet Blood {elec, *Noise Str-3
                  | Dex+9 SInv}
 80154 | Vaults:5 | Reached XP level 26. HP: 96/188 MP: 32/42
 80272 | Vaults:5 | Received a gift from Okawaru
 80272 | Vaults:5 | Found the +4 robe of Folly {Brill Will-∞ Int+8}
 81008 | Slime:1  | Entered Level 1 of the Pits of Slime
 81516 | Slime:5  | Entered Level 5 of the Pits of Slime
 81980 | Slime:5  | Noticed the Royal Jelly
 82012 | Slime:5  | Killed the Royal Jelly
 82013 | Slime:5  | Reached skill level 20 in Spellcasting
 82013 | Slime:5  | Reached skill level 15 in Conjurations
 82013 | Slime:5  | Reached skill level 15 in Hexes
 82013 | Slime:5  | Reached skill level 15 in Summonings
 82013 | Slime:5  | Reached skill level 15 in Necromancy
 82013 | Slime:5  | Reached skill level 15 in Translocations
 82013 | Slime:5  | Reached skill level 15 in Transmutations
 82013 | Slime:5  | Reached skill level 15 in Fire Magic
 82013 | Slime:5  | Reached skill level 15 in Ice Magic
 82013 | Slime:5  | Reached skill level 15 in Air Magic
 82013 | Slime:5  | Reached skill level 15 in Earth Magic
 82013 | Slime:5  | Reached skill level 15 in Poison Magic
 82496 | Slime:5  | Gained mutation: You are occasionally teleported next to
                  | monsters. [a shining eye]
 82962 | Slime:5  | Got a slimy rune of Zot
 82969 | Slime:5  | Identified the +0 kite shield of Lilacs {+Inv}
 82970 | Slime:5  | Identified the ring "Qishrib" {rF+ rC- rCorr Int+9 Dex-4}
 83092 | Slime:5  | Identified the +11 quarterstaff "Baivoxt" {heavy, rC+ rN+}
 83095 | Slime:5  | Identified the +6 demon whip "Hydraslayer" {freeze, rElec
                  | rF++ MP+9}
 83099 | Slime:5  | Identified the +6 falchion of Eminent Domain {antimagic,
                  | rC+ Stlth+}
 83126 | Slime:5  | Lost mutation: Your magical capacity is low. (-10% MP)
                  | [potion of mutation]
 83126 | Slime:5  | Lost mutation: You are occasionally teleported next to
                  | monsters. [potion of mutation]
 83126 | Slime:5  | Gained mutation: You occasionally lose the ability to read
                  | scrolls when taking damage. [potion of mutation]
 83126 | Slime:5  | Lost mutation: You are frail. (-10% HP) [potion of
                  | mutation]
 83126 | Slime:5  | Gained mutation: Your spells are a little harder to cast,
                  | but a little more powerful. [potion of mutation]
 83126 | Slime:5  | Gained mutation: You are somewhat resistant to further
                  | mutation. [potion of mutation]
 83432 | Temple   | Fell from the grace of Okawaru
 83432 | Temple   | Became a worshipper of the Shining One
 83863 | Depths:2 | Voluntarily entered the Abyss.
 83877 | Abyss:2  | Learned a level 4 spell: Iskenderun's Mystic Blast
 83893 | Abyss:2  | Found a corrupted altar of Lugonu.
 84168 | Abyss:2  | Reached * piety under the Shining One
 84425 | Abyss:3  | Found a corrupted altar of Lugonu.
 84425 | Abyss:3  | Reached ** piety under the Shining One
 84699 | Abyss:3  | Reached *** piety under the Shining One
 84717 | Abyss:3  | Noticed a dread lich
 84733 | Abyss:3  | Killed a dread lich
 84850 | Abyss:3  | Reached **** piety under the Shining One
 84900 | Abyss:3  | Found a corrupted altar of Lugonu.
 85180 | Abyss:3  | Noticed an ancient lich
 85190 | Abyss:3  | Killed an ancient lich
 85250 | Abyss:3  | Reached ***** piety under the Shining One
 85258 | Abyss:3  | Found a runed translucent door.
 85300 | Abyss:3  | Reached XP level 27. HP: 210/218 MP: 38/47
 85311 | Abyss:3  | Found a runed translucent door.
 85582 | Abyss:3  | Reached skill level 21 in Spellcasting
 85731 | Abyss:3  | Reached ****** piety under the Shining One
 86431 | Abyss:3  | Found a corrupted altar of Lugonu.
 86496 | Abyss:3  | Got an abyssal rune of Zot
 86522 | Abyss:3  | Found a corrupted altar of Lugonu.
 86601 | Abyss:3  | Found a corrupted altar of Lugonu.
 86653 | Depths:2 | Escaped the Abyss
 86949 | Crypt:1  | Identified a +4 eudemon blade of holy wrath (a +2 demon
                  | blade of electrocution blessed by the Shining One)
 86949 | Crypt:1  | Received a gift from the Shining One
 87047 | Crypt:1  | Learned a level 5 spell: Lee's Rapid Deconstruction
 87901 | Crypt:2  | Noticed Saint Roka
 87928 | Crypt:2  | Killed Saint Roka
 88567 | Crypt:3  | Entered Level 3 of the Crypt
 88808 | Crypt:3  | Reached skill level 22 in Spellcasting
 89083 | Crypt:3  | Found a staircase to the Tomb.
 89598 | Crypt:3  | Found a basalt altar of Yredelemnul.
 89679 | Crypt:3  | Found an ancient bone altar of Kikubaaqudgha.
 89714 | Crypt:3  | Found the +5 scythe "Finisher" {speed, execute}
 89723 | Crypt:3  | Identified the +7 hand axe of the Vine {pain, rC- Int+9}
 89759 | Crypt:3  | Got the Handbook of the Serac and Fever
 89765 | Crypt:3  | Identified the amulet of Udaxzicu {Harm rPois rC- Will++
                  | Regen+}
 89765 | Crypt:3  | Identified the ring of the Pharaoh's Fist {Contam rF+++ rN+
                  | Str+4}
 89956 | Crypt:3  | Was forgiven by Okawaru
 90328 | Zot:1    | Entered Level 1 of the Realm of Zot
 92505 | Zot:3    | You fall into a shaft and drop 1 floor!
 92505 | Zot:4    | Noticed an orb of fire
 92511 | Zot:4    | Gained mutation: Your body sometimes deteriorates upon
                  | taking damage. [an orb of fire]
 92516 | Zot:4    | Killed an orb of fire
 92517 | Zot:4    | Reached skill level 23 in Spellcasting
 92895 | Zot:4    | Identified the ring "Meplejysem" {Ice rElec rN+ Int+3
                  | Dex+2}
 93798 | Zot:5    | Entered Level 5 of the Realm of Zot
 93975 | Zot:5    | Noticed an orb of fire
 93982 | Zot:5    | Lost mutation: Your spells are a little harder to cast, but
                  | a little more powerful. [an orb of fire]
 93989 | Zot:5    | Killed an orb of fire
 94421 | Zot:5    | Noticed an orb of fire
 94424 | Zot:5    | Noticed a dread lich
 94425 | Zot:5    | Noticed an orb of fire
 94428 | Zot:5    | Noticed an orb of fire
 94430 | Zot:5    | Noticed an orb of fire
 94436 | Zot:5    | Noticed a dread lich
 94442 | Zot:5    | Gained mutation: Your body often deteriorates upon taking
                  | damage. [an orb of fire]
 94450 | Zot:5    | Noticed an orb of fire
 94453 | Zot:5    | Killed an orb of fire
 94459 | Zot:5    | Noticed an orb of fire
 94463 | Zot:5    | Noticed an orb of fire
 94466 | Zot:5    | Killed a dread lich
 94467 | Zot:5    | Noticed an ancient lich
 94479 | Zot:5    | HP: 4/224 [orb of fire/bolt of fire (10)]
 94479 | Zot:5    | The Shining One protects you from harm!
 94480 | Zot:5    | The Shining One protects you from harm!
 94481 | Zot:5    | The Shining One protects you from harm!
 94500 | Zot:5    | HP: 7/224 [orb of fire/fireball (15)]
 94814 | Zot:5    | Gained mutation: You are dopey. (Int -2) [an orb of fire]
 94826 | Zot:5    | Gained mutation: You occasionally lose the ability to drink
                  | potions when taking damage. [an orb of fire]
 94835 | Zot:5    | Killed an orb of fire
 94840 | Zot:5    | Killed a dread lich
 94854 | Zot:5    | Killed an orb of fire
 94864 | Zot:5    | HP: 9/224 [orb of fire (12)]
 94871 | Zot:5    | HP: 10/224 [orb of fire (12)]
 94872 | Zot:5    | HP: 1/224 [orb of fire (10)]
 94879 | Zot:5    | Killed an orb of fire
 95443 | Elf:2    | Bought a potion of mutation for 104 gold pieces
 95896 | Zot:5    | Killed an orb of fire
 95945 | Zot:5    | Killed an ancient lich
 96100 | Zot:5    | Gained mutation: You are frail. (-10% HP) [an orb of fire]
 96115 | Zot:5    | Killed an orb of fire
 96128 | Zot:5    | Killed an orb of fire
 96674 | Zot:5    | Noticed an orb of fire
 96685 | Zot:5    | Gained mutation: Your magical capacity is low. (-10% MP)
                  | [an orb of fire]
 96701 | Zot:5    | Gained mutation: You are occasionally teleported next to
                  | monsters. [an orb of fire]
 96737 | Zot:4    | Killed an orb of fire
 96835 | Zot:5    | Reached skill level 24 in Spellcasting
 96899 | Zot:5    | Noticed an orb of fire
 96905 | Zot:5    | HP: 7/201 [Orb Guardian (32)]
 96905 | Zot:5    | Mangled by an Orb Guardian

Illustrated notes

Levels and vault maps discovered:
D:1:      dpeg_arrival_pits, layout_basic
D:2:      minmay_kobold_bridge, layout_loops_ring, serial_shops, shop
D:3:      layout_basic, gup_sewer_entry_spiral
D:4:      layout_cave_pools, amcnicky_mini_rare_corridor_liquid
D:5:      layout_basic
D:6:      cheibrodos_steamvent, layout_loops_ring, minmay_temple_entry_waves,
          grunt_ministairs_7, kennysheep_nondescript, st_stairs_13, uniq_edmund,
          uniq_sigmund
D:7:      layout_layer_cave, lemuel_crystal_altar, serial_shops, shop,
          enter_bailey_5, hex_medium, uniq_menkaure, uniq_maggie,
          uniq_crazy_yiuf_cottage
D:8:      layout_loops_corners, kb_xom_exploding_sheep, david_lair_generic,
          minmay_bent
D:9:      layout_stronghold, chequers_temple_overflow_statue_of_worship,
          grunt_temple_overflow_cloverleaf, nicolae_figureground_sparkle,
          uniq_grum, uniq_erolcha
D:10:     minmay_the_grid_3x3 [minmay_the_grid_diamond_grid,
          minmay_the_grid_minigrid_small_alt, minmay_the_grid_aliased_spiral,
          minmay_the_grid_tiny_cups, minmay_the_grid_small_cups,
          minmay_the_grid_dragon_a, minmay_the_grid_eight,
          minmay_the_grid_expand, minmay_the_grid_prize_four_corners_diamond_a],
          layout_basic, amcnicky_altar_gilded, serial_ice, serial_ice_l,
          serial_ice_o, serial_ice_e, serial_ice_h, serial_ice_d, serial_ice_a,
          uniq_maurice, uniq_josephine
D:11:     minmay_shrinking_squares, layout_basic, serial_shops,
          nicolae_inconvenience_store
D:12:     layout_roguey, uniq_sonja, uniq_lodul, uniq_urug, uniq_fannar
D:13:     layout_roguey
D:14:     layout_basic, grunt_vaults_entry_tiered,
          infiniplex_staircase_split_hallway, uniq_kirke
D:15:     grunt_enter_depths_magical_seal, layout_irregular_city, minivault_4
Temple:   compressed_dpeg_triangle_lava_temple
Lair:1:   layout_layer_cave, chequers_serial_rivers_small_b
Lair:2:   layout_roguey, dummy_spider_entry, nicolae_volcano_entry_two_sided,
          st_stairs_11
Lair:3:   layout_concentric_octagons, minmay_shoals_entry_centaurs,
          serial_bayou_shore_b, serial_bayou_shore_b, uniq_gastronok
Lair:4:   layout_regular_city, grunt_megastairs_3
Lair:5:   grunt_lair_end_beastmaster, layout_gridlike,
          minmay_slime_entry_pillars, grunt_forest_stairs_basic,
          serial_bayou_pond_e, serial_bayou_lagoon_a
Shoals:1: layout_shoals, nicolae_shop_gadgets
Shoals:2: layout_shoals, gammafunk_ghost_necromancy, hangedman_feature_mirror,
          regret_index_shoals_crete
Shoals:3: layout_shoals, ldierk_geyser
Shoals:4: shoals_end_hellmonk_storm_palace [storm_palace_center_square,
          storm_palace_corner_altar, storm_palace_corner_pillars,
          storm_palace_corner_reverse_hut, storm_palace_corner_reverse_hut]
Spider:1: layout_spider_delve, uniq_asterion
Spider:2: layout_spider_delve, drop_trap, hellmonk_deceptive_appearances,
          nicolae_spider_cling_halls, uniq_arachne
Spider:3: layout_cave_pods, hangedman_spider_tarantella_strand, uniq_mara,
          uniq_mlioglotl, uniq_nikola
Spider:4: grunt_spider_rune_parallel
Slime:1:  layout_caves
Slime:2:  layout_caves
Slime:3:  layout_caves
Slime:4:  layout_caves
Slime:5:  slime_pit_nicolae_trefoil
Orc:1:    layout_caves, serial_shops, shop, nicolae_shop_stone,
          nicolae_square_shop, basic_altar, lemuel_statue_altar,
          nicolae_orc_bridge_out, okawaru_metal_pillars_1_2
Orc:2:    st_orc_congregation, layout_caves, uniq_rupert
Elf:1:    layout_geoelf_grid, orc_legates, palyth_stone_intersect,
          hangedman_elf_simple_split
Elf:2:    nicolae_elf_blades_crystal_corner, layout_gridlike, serial_sigils,
          serial_sigils_hangedman_gut, serial_sigils_hangedman_writhe,
          serial_sigils_hangedman_shear, serial_sigils_hangedman_shear,
          serial_shops, nicolae_shop_drivethru
Elf:3:    grunt_elf_hall_spiral, layout_geoelf_grid, serial_shops, statue_bzr,
          st_stairs_2
Vaults:1: hangedman_vaults_slither, nicolae_vaults_network_star,
          hangedman_vaults_stream, ontoclasm_vaults_ring_square,
          nicolae_vaults_little_ls, nicolae_vaults_rhombus_5,
          vaults_room_corners, nicolae_vaults_mini_display_case,
          layout_vaults_omnicross
Vaults:2: infiniplex_enter_wizlab_water, v_misc_10, vaults_room_door_ring,
          dpeg_vaults_monster_box, dpeg_vaults_monster_row, v_misc_13,
          nicolae_vaults_little_squares_3, minmay_crypt_entry_simple_sparse,
          hangedman_vaults_trim, v_misc_5, nicolae_vaults_network_barrier,
          vaults_dpeg_hooks, grunt_vaults_diagonal, nicolae_vaults_rhombus_7,
          vaults_dpeg_ring, layout_vaults_big_room, serial_shops,
          nicolae_shop_peninsula, uniq_donald
Vaults:3: vaults_dpeg_emergency_exit, nicolae_vaults_trapezoid_lopsided_4,
          v_misc_8, nicolae_vaults_apartment_2, v_pattern_4,
          nicolae_vaults_surprise_closet, nicolae_vaults_storage_room_glass,
          ontoclasm_vaults_gateway, nicolae_vaults_little_squares_3,
          layout_vaults_omnigrid
Vaults:4: nicolae_vaults_more_shelving_2, grunt_vaults_hallway_short,
          nicolae_vaults_diamond_1, nicolae_vaults_windows_and_doors_thing,
          ontoclasm_vaults_ligature, v_misc_18, hangedman_vaults_corner_blocks,
          nicolae_vaults_little_squares_5, v_misc_19, layout_vaults_omnibox
Vaults:5: serial_shops
Crypt:1:  layout_misc_corridors, grunt_crypt_arrival_guarded_gate
Crypt:2:  layout_gridlike, uniq_saint_roka
Crypt:3:  lightli_unholy_cathedral, layout_chaotic_city,
          nicolae_tomb_entry_unfolded_pyramid_diagonal
Depths:1: layout_cave_shapes, reono_crystal_passage, hell_entry,
          rand_demon_pan_entry_9, fedhas_altar_1, firewood_loft,
          serial_bayou_shore_a, minmay_shop_grove
Depths:2: nzn_winding_woodlands_three_and_one
          [nzn_winding_woodlands_5x15_pathside_ponds,
          nzn_winding_woodlands_5x15_split_checker,
          nzn_winding_woodlands_5x15_river_crossing,
          nzn_winding_woodlands_center_pierced_h], layout_honeycomb,
          infiniplex_staircase_door_maze, pan_entry, abyss_entry, hell_entry,
          gammafunk_ghost_mausoleum, uniq_aizul, uniq_bai_suzhen
Depths:3: minmay_bad_star, layout_gridlike, enter_ziggurat_d, hell_entry,
          nicolae_elyvilon_peaceful_grove, abyss_entry, uniq_jory
Depths:4: evilmike_zot_entry_basic, layout_honeycomb, grunt_hell_horde,
          serial_shops, shop, nicolae_trove_entry_crystal, nicolae_titane,
          uniq_vv
Zot:1:    layout_gridlike
Zot:2:    layout_twisted_circle
Zot:3:    layout_onion_interference, uniq_josephina, uniq_parghit
Zot:4:    layout_gridlike, st_single_dragon_hoard_1, lemuel_elevator
Zot:5:    layout_misc_corridors

Skill      XL: |  1  2  3  4  5  6  7  8  9 10 11 12 13 14 15 16 17 18 19 20 21 22 23 24 25 26 27 |
---------------+----------------------------------------------------------------------------------+-----
Invocations    | 1 2 3 4 5 6 7 8 9 11 12 13 14 15 16 17 18 19 21 | 21.7
Short Blades   | 1 2 3 4 5 6 7 8 9 10 11 12 13 14 15 16 17 18 20 | 20.1
Long Blades    | 1 2 3 4 5 6 7 8 9 10 11 12 13 14 15 16 17 18 20 | 20.1
Axes           | 1 2 3 4 5 6 7 8 9 10 11 12 13 14 15 16 17 18 20 | 20.1
Maces & Flails | 1 2 3 4 5 6 7 8 9 10 11 12 13 14 15 16 17 18 20 | 20.1
Polearms       | 1 2 3 4 5 6 7 8 9 10 11 12 13 14 15 16 17 18 20 | 20.1
Staves         | 1 2 3 4 5 6 7 8 9 10 11 12 13 14 15 16 17 18 20 | 20.1
Ranged Weapons | 1 2 3 4 5 6 7 8 9 10 11 12 13 14 15 16 17 18 20 | 20.1
Throwing       | 1 2 3 4 5 6 7 8 9 10 11 12 13 14 15 16 17 18 20 | 20.1
Shields        | 1 2 3 4 5 6 7 8 9 10 11 12 13 14 15 16 17 18 20 | 20.1
Unarmed Combat | 1 2 3 4 5 6 7 8 9 10 11 12 13 14 15 16 17 18 20 | 20.1
Spellcasting   | 1 2 3 4 5 6 7 8 9 10 11 12 13 14 15 17 18 19 20 24 | 24.0
Conjurations   | 1 2 3 4 5 6 7 8 9 10 11 12 13 14 15 17 | 17.2
Hexes          | 1 2 3 4 5 6 7 8 9 10 11 12 13 14 15 17 | 17.2
Summonings     | 1 2 3 4 5 6 7 8 9 10 11 12 13 14 15 17 | 17.2
Necromancy     | 1 2 3 4 5 6 7 8 9 10 11 12 13 14 15 17 | 17.2
Translocations | 1 2 3 4 5 6 7 8 9 10 11 12 13 14 15 17 | 17.2
Transmutations | 1 2 3 4 5 6 7 8 9 10 11 12 13 14 15 17 | 17.2
Fire Magic     | 1 2 3 4 5 6 7 8 9 10 11 12 13 14 15 17 | 17.2
Ice Magic      | 1 2 3 4 5 6 7 8 9 10 11 12 13 14 15 17 | 17.2
Air Magic      | 1 2 3 4 5 6 7 8 9 10 11 12 13 14 15 17 | 17.2
Earth Magic    | 1 2 3 4 5 6 7 8 9 10 11 12 13 14 15 17 | 17.2
Poison Magic   | 1 2 3 4 5 6 7 8 9 10 11 12 13 14 15 17 | 17.2
Fighting       | 3 4 5 6 7 8 9 10 11 12 13 14 15 16 17 18 20 | 20.2
Dodging        | 3 4 5 6 7 8 9 10 11 12 13 14 15 16 17 18 20 | 20.2
Stealth        | 3 4 5 6 7 8 9 10 11 12 13 14 15 16 17 18 20 | 20.2
Armour         | 5 6 7 8 9 10 11 12 13 14 15 16 17 18 20 | 20.5
Evocations     | 7 8 9 10 11 12 13 14 15 16 17 18 19 20 | 20.9

Action                     |  1- 3 |  4- 6 |  7- 9 | 10-12 | 13-15 | 16-18 | 19-21 | 22-24 | 25-27 || total
---------------------------+-------+-------+-------+-------+-------+-------+-------+-------+-------++-------
  Melee: Club              |    41 |       |       |       |       |       |       |       |       ||    41
         Bite              |    17 |    39 |    53 |   246 |   219 |   392 |   400 |   754 |   895 ||  3015
         Short sword       |   108 |   290 |       |       |       |       |       |       |       ||   398
         Punch             |     2 |    13 |    20 |   100 |       |       |       |       |       ||   135
         Dagger            |       |   141 |   392 |  1310 |       |       |       |       |       ||  1843
         Broad axe         |       |       |    28 |   175 |  1089 |   392 |       |   387 |  3049 ||  5120
         Whip              |       |       |       |       |    34 |       |       |       |       ||    34
         Eveningstar       |       |       |       |       |       |  1330 |       |       |       ||  1330
         Demon blade       |       |       |       |       |       |   579 |  2181 |  3048 |       ||  5808
         Kick              |       |       |       |       |       |    72 |   892 |       |       ||   964
         Eudemon blade     |       |       |       |       |       |       |       |       |   653 ||   653
   Fire: Sling             |       |       |     3 |       |       |       |       |       |       ||     3
  Throw: Dart              |       |       |       |    28 |       |     4 |       |       |       ||    32
         Boomerang         |       |       |       |    32 |     8 |     3 |       |       |       ||    43
         Throwing net      |       |       |       |       |     1 |     2 |       |       |       ||     3
         Javelin           |       |       |       |       |     1 |       |       |       |     5 ||     6
   Cast: Poisonous Vapours |       |       |       |    72 |    13 |    75 |       |    11 |       ||   171
         Silence           |       |       |       |       |       |       |       |       |    48 ||    48
 Invoke: Heroism           |       |       |       |    12 |    19 |    29 |    19 |    19 |     4 ||   102
         Finesse           |       |       |       |       |     1 |     5 |     5 |     4 |     1 ||    16
         Cleansing Flame   |       |       |       |       |       |       |       |       |     1 ||     1
         Brand Weapon With |       |       |       |       |       |       |       |       |     1 ||     1
  Evoke: Wand              |     3 |    13 |    34 |     7 |     1 |    11 |     2 |       |     2 ||    73
         Lightning rod     |       |       |       |       |       |     1 |     3 |     5 |     2 ||    11
         Condenser vane    |       |       |       |       |       |       |       |       |     2 ||     2
    Use: Scroll            |       |     3 |     7 |     7 |     8 |    17 |     2 |     3 |    17 ||    64
         Potion            |       |       |     1 |     6 |     6 |     9 |     3 |     6 |    19 ||    50
   Stab: Sleeping          |     4 |     1 |     3 |     7 |     7 |     3 |       |       |     3 ||    28
         Held in net/web   |       |       |       |       |     5 |       |       |       |       ||     5
         Petrified         |       |       |       |       |    14 |       |       |       |       ||    14
         Petrifying        |       |       |       |       |     1 |       |       |       |       ||     1
         Invisible         |       |       |       |       |     4 |     2 |       |       |       ||     6
         Distracted        |       |       |       |       |     1 |       |     1 |    11 |    45 ||    58
 Armour: Leather armour    |    22 |    40 |       |       |       |       |       |       |       ||    62
         Ring mail         |       |    74 |    71 |       |       |       |       |       |       ||   145
         Swamp dragon scal |       |       |    11 |   307 |   284 |    20 |       |       |       ||   622
         Plate armour      |       |       |       |       |       |   754 |   847 |  1211 |  1014 ||  3826
         Quicksilver drago |       |       |       |       |       |       |       |       |    91 ||    91
  Dodge: Dodged            |    84 |   293 |   305 |   999 |   829 |   950 |   542 |   637 |   779 ||  5418
  Block: Other             |       |    13 |    75 |   263 |       |       |       |       |       ||   351
         Reflection        |       |       |     3 |    13 |    15 |    58 |    48 |   137 |    60 ||   334
         Kite shield       |       |       |       |   105 |  1377 |  2606 |  1857 |  2762 |  2355 || 11062

Table legend: (Time is in decaauts)
 A = Elapsed time spent in this place.
 B = Non-inter-level travel time spent in this place.
 C = Inter-level travel time spent in this place.
 D = Time resting spent in this place.
 E = Time spent auto-exploring this place.
 F = Levels seen in this place.
 G = Mean time per level.
                   A        B        C        D        E       F      G
               +--------+--------+--------+--------+--------+-----+--------+
         Total |  94341 |  85473 |   8868 |  19020 |  31908 |  64 | 1474.1 |
       Dungeon |  28180 |  24436 |   3744 |   5767 |   9159 |  15 | 1878.7 |
        Temple |    441 |    397 |     44 |      0 |    235 |   1 |  441.0 |
          Lair |  11471 |  10611 |    860 |   2738 |   4768 |   5 | 2294.2 |
        Shoals |   6246 |   5783 |    463 |   1336 |   1913 |   4 | 1561.5 |
   Spider Nest |   7642 |   6960 |    682 |   1873 |   1827 |   4 | 1910.5 |
    Slime Pits |   2149 |   2077 |     72 |    969 |     67 |   5 |  429.8 |
  Orcish Mines |   2615 |   2397 |    218 |    540 |   1131 |   2 | 1307.5 |
   Elven Halls |   5588 |   5240 |    348 |   1173 |   1449 |   3 | 1862.7 |
        Vaults |   8779 |   8056 |    723 |   1554 |   3649 |   5 | 1755.8 |
         Crypt |   3074 |   2858 |    216 |    151 |   1551 |   3 | 1024.7 |
        Depths |   7463 |   6290 |   1173 |    981 |   3019 |   4 | 1865.8 |
           Zot |   5653 |   5333 |    320 |   1209 |   2403 |   5 | 1130.6 |
         Abyss |   3313 |   3313 |      0 |    326 |    476 |   4 |  828.2 |
        Bazaar |     29 |     29 |      0 |      0 |      0 |   1 |   29.0 |
         Trove |     77 |     77 |      0 |      0 |      0 |   1 |   77.0 |
        Bailey |    897 |    897 |      0 |    238 |    187 |   1 |  897.0 |
        Wizlab |    717 |    717 |      0 |    163 |     71 |   1 |  717.0 |
               +--------+--------+--------+--------+--------+-----+--------+

Top non-repeatable levels by time:
     D:9: 3519 daAuts
  Lair:5: 3249 daAuts
     D:7: 3120 daAuts
Depths:2: 2843 daAuts
    D:10: 2667 daAuts
Spider:4: 2490 daAuts
Vaults:5: 2436 daAuts
Shoals:4: 2367 daAuts
  Lair:1: 2294 daAuts
  Lair:2: 2210 daAuts
     D:8: 2200 daAuts
Depths:4: 2145 daAuts
Spider:3: 2138 daAuts
     D:6: 2118 daAuts
 Abyss:3: 2042 daAuts
